 Dungeon Crawl Stone Soup version 0.22-a0-271-gc000056 (webtiles) character file.

32886 JeffiDaFish the Earth Mage (level 13, -2/75 HPs)
             Began as a Gargoyle Earth Elementalist on Mar 8, 2018.
             Was an Elder of Vehumet.
             Slain by a five-headed hydra (9 damage)
             ... on level 5 of the Lair of Beasts on Mar 11, 2018.
             The game lasted 01:01:24 (17044 turns).

JeffiDaFish the Earth Mage (GrEE)                  Turns: 17044, Time: 01:01:25

Health: -2/75      AC:  0    Str: 15    XL:     13   Next: 67%
Magic:  11/26      EV: 14    Int: 20    God:    Vehumet [****..]
Gold:   967        SH:  3    Dex: 12    Spells: 25/37 levels left

rFire    . . .     SeeInvis .   (weapon currently unavailable)
rCold    . . .     Gourm    .   (shield currently unavailable)
rNeg     + . .     Faith    .   (armour currently unavailable)
rPois    ∞         Spirit   .   (helmet currently unavailable)
rElec    .         Reflect  +   (cloak currently unavailable)
rCorr    .         Harm     .   (gloves currently unavailable)
MR       .....     Clarity  +   (boots currently unavailable) Stlth ++........Rnd*Tele +
                                o - +3 amulet of reflection
HPRegen  0.22/turn              (ring currently unavailable)
MPRegen  0.20/turn              (ring currently unavailable)

@: pig-form, slowed
A: small, agile 1, clarity, low mp 1, negative energy resistance 1, strong 1,
teleportitis 2, petrification resistance, rot immunity, AC +9
a: Renounce Religion


You were on level 5 of the Lair of Beasts.
You worshipped Vehumet.
Vehumet was greatly pleased with you.
You were not hungry.
You were a filthy swine.
You visited 3 branches of the dungeon, and saw 16 of its levels.
You also visited: Labyrinth.

You collected 1187 gold pieces.
You spent 220 gold pieces at shops.

Inventory:

Hand Weapons
 p - a +6 short sword of flaming
 s - the +10 quarterstaff of Toygos (melded) {freeze, Str+3 Dex+5}
   (You found it on level 6 of the Dungeon)

   It has been specially enchanted to freeze those struck by it, causing extra
   injury to most foes and up to half again as much damage against particularly
   susceptible opponents.
   It can also slow down cold-blooded creatures.
   It affects your strength (+3).
   It affects your dexterity (+5).
Missiles
 b - 127 stones (quivered)
Armour
 a - a +2 robe of resistance (melded)
 n - a +2 pair of gloves (melded)
Jewellery
 i - the ring of Miracles {rPois rC+ MR- Str+2 Int+2}
   (You took it off a minotaur in a labyrinth)

   [ring of poison resistance]

   It affects your strength (+2).
   It affects your intelligence (+2).
   It protects you from cold.
   It protects you from poison.
   It affects your resistance to hostile enchantments.
 k - a ring of wizardry (melded)
 o - a +3 amulet of reflection (around neck)
 v - an uncursed ring of protection from magic
 y - a +5 ring of strength
 z - a +3 ring of intelligence (melded)
Wands
 g - a wand of disintegration (20)
 u - a wand of iceblast (5)
Scrolls
 f - 6 scrolls of remove curse
 h - 3 scrolls of identify
 j - 3 scrolls of amnesia
 m - 6 scrolls of teleportation
 r - a scroll of magic mapping
 w - 2 scrolls of fog
 x - a scroll of enchant armour
 B - 2 scrolls of enchant weapon
Potions
 c - 2 potions of cancellation
 e - 9 potions of curing
 l - a potion of brilliance
 q - a potion of resistance
 A - a potion of flight
Comestibles
 d - 39 rations
 t - 3 chunks of flesh


   Skills:
 + Level 6.5 Fighting
 + Level 6.0 Staves
 - Level 1.5 Dodging
 - Level 2.1 Stealth
 * Level 12.6 Spellcasting
 * Level 9.7 Conjurations
   Level 0.7 Transmutations
 * Level 15.9 Earth Magic


You had 25 spell levels left.
You knew the following spells:

 Your Spells              Type           Power        Failure   Level  Hunger
a - Sandblast             Erth           ######       0%          1    None
b - Stone Arrow           Conj/Erth      ######       1%          3    None
c - Lee's Rapid Deconstr  Erth           ######....   1%          5    ####...
d - Mephitic Cloud        Conj/Pois/Air  ####....     1%          3    None


Dungeon Overview and Level Annotations

Branches:
Dungeon (10/15)            Temple (1/1) D:5            Lair (5/6) D:10
 Shoals (0/4) Lair:2        Snake (0/4) Lair:2          Orc (0/2) D:10
  Slime: Lair:5-6

Altars:
Ashenzari
Cheibriados
Dithmenos
Elyvilon
Fedhas
Gozag
Hepliaklqana
Kikubaaqudgha
Makhleb
Nemelex Xobeh
Okawaru
Qazlal
Ru
Sif Muna
Trog
Uskayaw
Vehumet
Wu Jian
Xom
Yredelemnul
Zin
The Shining One

Shops:
D:6 :   D:10 }

Annotations:
Lair:5 Kirke


Innate Abilities, Weirdness & Mutations

You are resistant to torment.
((Your stone body is resilient. (AC +9)))
You are immune to poison.
You resist negative energy. (rN+)
((You are resistant to electric shocks. (rElec)))
((You can survive without breathing.))
You are immune to petrification.
You are immune to rotting.
((You have sharp toenails.))
You are agile. (Dex +2)
You possess an exceptional clarity of mind.
Your magical capacity is low. (-10% MP)
Your muscles are strong. (Str +2)
You are sometimes teleported next to monsters.


Message History

A crocodile comes into view.
You completely miss the blink frog.
The blink frog is severely wounded.
The blink frog misses you. Kirke barely misses you.
The blink frog closely misses you. The hog closely misses you.
The five-headed hydra bites you! x2; The five-headed hydra bites you.
The five-headed hydra bites you!!
* * * LOW HITPOINT WARNING * * *
The five-headed hydra barely misses you.
The blink frog hits you.
* * * LOW HITPOINT WARNING * * *
The blink frog blinks!
The hog seems less confused.
The blink frog blinks!
Kirke gestures at you while chanting.
You feel a momentary urge to oink.
There is a stone staircase leading up here.
Okay, then.
The five-headed hydra bites you!
You die...

♣♣♣♣. #.........##.†..#.# .
♣....##.............†..#....
#..........#..t†...........
#...............†♣♣♣♣..
#P....##....###♣♣...
..##P.h.#....#.## ....
....PP...h.......#♣ .....
.........D@........ .....
#.........h.....§.... ....
#.................... ....
#..........................
#..P......................h
...##P.###.................
..#.P.#.......###......h..
................##♣........
. #....#......###h........
## .#....##.....P#...♣......


You could see Kirke, a five-headed hydra, 2 hogs and a crocodile.

Vanquished Creatures
  A minotaur (Lab)
  Josephine (Lair:4)
  2 hydras (Lair:3)
  2 two-headed ogres
  2 wizards
  3 orc sorcerers (D:8)
  An ugly thing (D:10)
  10 spiny frogs
  Psyche (D:10)
  2 black mambas
  2 komodo dragons
  A rime drake (Lair:4)
  11 blink frogs
  5 polar bears
  Grinder (D:3)
  A troll (D:10)
  5 hippogriffs
  7 dream sheep (Lair:4)
  A spriggan (D:7)
  A shadow (Lab)
  5 wraiths (Lair:4)
  4 redbacks (Lab)
  A hog (Lair:5)
  Eustachio (D:5)
  3 hungry ghosts
  14 yaks
  Menkaure (D:5)
  7 porcupines
  9 water moccasins
  Duvessa (D:5)
  An orc warrior (D:10)
  An ice beast (D:7)
  A black bear (D:7)
  A hornet zombie (D:7)
  A necrophage (D:9)
  46 wolves
  3 sky beasts
  4 ogres
  4 centaurs
  6 crocodiles
  A big kobold (D:8)
  20 bullfrogs
  A water moccasin zombie (D:8)
  A wyvern zombie (D:7)
  Dowan (D:5)
  A scorpion (D:10)
  13 killer bees
  5 wights (D:8)
  An electric eel (D:10)
  2 centaur zombies
  7 crimson imps
  13 hounds
  2 bullfrog skeletons
  A gnoll shaman (D:4)
  3 orc priests
  3 orc wizards
  2 iguanas
  3 worker ants (D:5)
  A killer bee zombie (D:5)
  A hound zombie (D:7)
  2 hound skeletons
  2 worker ant zombies
  13 gnolls
  13 adders
  An ooze (D:1)
  An adder skeleton (D:7)
  6 dart slugs
  3 leopard geckos
  32 orcs
  A ball python (D:4)
  5 giant cockroaches
  11 goblins
  8 hobgoblins
  4 jackals
  8 quokkas
  6 bats
  9 frilled lizards
  A jackal skeleton (D:4)
  A jackal zombie (D:8)
  7 kobolds
  A leopard gecko zombie (D:5)
  A quokka zombie (D:6)
  11 rats
  A fungus (Lair:5)
  6 plants
410 creatures vanquished.

Vanquished Creatures (others)
  A kobold (D:8)
  12 fungi
  3 plants (Lair:5)
16 creatures vanquished.

Grand Total: 426 creatures vanquished

Notes
Turn   | Place    | Note
-------+----------+-------------------------------------------
     0 | D:1      | JeffiDaFish the Gargoyle Earth Elementalist began the quest for the Orb.
     0 | D:1      | Reached XP level 1. HP: 10/10 MP: 3/3
   839 | D:1      | Reached skill level 4 in Earth Magic
   839 | D:1      | Reached XP level 2. HP: 10/15 MP: 5/5
  1400 | D:1      | Reached XP level 3. HP: 16/19 MP: 6/6
  1405 | D:1      | Learned a level 3 spell: Stone Arrow
  1978 | D:2      | Reached XP level 4. HP: 7/24 MP: 4/8
  2615 | D:2      | Reached skill level 5 in Earth Magic
  2976 | D:3      | Noticed Grinder
  2991 | D:3      | HP: 1/24 [Grinder (3)]
  3017 | D:3      | Killed Grinder
  3017 | D:3      | Reached skill level 6 in Earth Magic
  3017 | D:3      | Reached XP level 5. HP: 28/28 MP: 1/11
  3017 | D:3      | Reached XP level 6. HP: 32/32 MP: 1/12
  3305 | D:3      | Found a snail-covered altar of Cheibriados.
  3716 | D:3      | Learned a level 5 spell: Lee's Rapid Deconstruction
  3976 | D:4      | Found an ornate altar of the Wu Jian Council.
  3994 | D:4      | Reached XP level 7. HP: 35/36 MP: 10/14
  4080 | D:4      | Reached skill level 7 in Earth Magic
  4123 | D:4      | Found a sparkling altar of Nemelex Xobeh.
  4131 | D:4      | Reached skill level 5 in Spellcasting
  4749 | D:5      | Entered Level 5 of the Dungeon
  4756 | D:5      | Reached skill level 8 in Earth Magic
  4917 | D:5      | Noticed Menkaure
  4919 | D:5      | Killed Menkaure
  4919 | D:5      | Reached XP level 8. HP: 41/41 MP: 7/17
  5018 | D:5      | Found a staircase to the Ecumenical Temple.
  5070 | Temple   | Entered the Ecumenical Temple
  5225 | D:5      | Noticed Duvessa
  5227 | D:5      | Noticed Dowan
  5250 | D:5      | Killed Duvessa
  5399 | D:5      | Reached skill level 9 in Earth Magic
  5406 | D:5      | Killed Dowan
  5443 | D:5      | Noticed Eustachio
  5458 | D:5      | Killed Eustachio
  5471 | D:5      | Gained mutation: You are occasionally teleported next to monsters. [potion of mutation]
  5471 | D:5      | Gained mutation: You are sometimes teleported next to monsters. [potion of mutation]
  5471 | D:5      | Gained mutation: Your magical capacity is low. (-10% MP) [potion of mutation]
  5471 | D:5      | Gained mutation: You possess an exceptional clarity of mind. [potion of mutation]
  5998 | D:6      | Found Uklul's Book Shop.
  6025 | D:6      | Identified the +10 quarterstaff of Toygos {freeze, Str+3 Dex+5} (You found it on level 6 of the Dungeon)
  6118 | D:6      | Reached skill level 10 in Earth Magic
  6118 | D:6      | Reached XP level 9. HP: 29/45 MP: 18/18
  6202 | D:6      | Found an ancient bone altar of Kikubaaqudgha.
  6204 | D:6      | Found a blossoming altar of Fedhas.
  6373 | D:6      | Bought a book of Minor Magic for 220 gold pieces
  6377 | D:6      | Learned a level 3 spell: Mephitic Cloud
  6450 | D:7      | Found a shattered altar of Ashenzari.
  6919 | D:7      | Reached skill level 11 in Earth Magic
  7252 | D:7      | Found a basalt altar of Yredelemnul.
  7262 | D:7      | Found a shimmering altar of Xom.
  7621 | D:8      | Noticed an orc sorcerer
  7621 | D:8      | Noticed an orc sorcerer
  7623 | D:8      | Killed an orc sorcerer
  7623 | D:8      | Reached skill level 12 in Earth Magic
  7623 | D:8      | Reached XP level 10. HP: 50/50 MP: 9/21
  7624 | D:8      | Noticed an orc sorcerer
  7625 | D:8      | Noticed a wizard
  7723 | D:8      | Killed an orc sorcerer
  7723 | D:8      | Killed a wizard
  7725 | D:8      | Killed an orc sorcerer
  7725 | D:8      | Reached skill level 10 in Spellcasting
  7929 | D:7      | Reached skill level 13 in Earth Magic
  8179 | D:8      | Reached skill level 1 in Conjurations
  8428 | D:8      | Noticed a two-headed ogre
  8441 | D:8      | Killed a two-headed ogre
  8441 | D:8      | Reached skill level 1 in Fighting
  8441 | D:8      | Reached skill level 1 in Staves
  8659 | D:9      | Reached XP level 11. HP: 57/57 MP: 15/22
  8905 | D:9      | Noticed a wizard
  8909 | D:9      | Killed a wizard
  9220 | D:9      | Noticed a two-headed ogre
  9224 | D:9      | Killed a two-headed ogre
  9428 | D:9      | Found a glowing golden altar of the Shining One.
  9428 | D:9      | Found a radiant altar of Vehumet.
  9541 | D:9      | Became a worshipper of Vehumet
  9629 | D:10     | Entered Level 10 of the Dungeon
  9637 | D:10     | Found a white marble altar of Elyvilon.
  9638 | D:10     | Noticed Psyche
  9640 | D:10     | Killed Psyche
  9721 | D:10     | Found Ninet's Gadget Shoppe.
 10013 | D:10     | Reached * piety under Vehumet
 10013 | D:10     | Offered knowledge of Sting by Vehumet.
 10139 | D:10     | Reached skill level 5 in Conjurations
 10229 | D:10     | Reached skill level 14 in Earth Magic
 10241 | D:10     | Found a staircase to the Lair.
 10314 | D:10     | Noticed a white ugly thing
 10336 | D:10     | Killed a white ugly thing
 10645 | D:10     | Found a staircase to the Orcish Mines.
 10809 | Lair:1   | Entered Level 1 of the Lair of Beasts
 10992 | Lair:1   | Reached XP level 12. HP: 28/66 MP: 6/24
 11113 | Lair:1   | Lost mutation: You possess an exceptional clarity of mind. [potion of mutation]
 11113 | Lair:1   | Gained mutation: You possess an exceptional clarity of mind. [potion of mutation]
 11113 | Lair:1   | Gained mutation: You have sharp toenails. [potion of mutation]
 11113 | Lair:1   | Gained mutation: Your muscles are strong. (Str +2) [potion of mutation]
 11113 | Lair:1   | Gained mutation: You are agile. (Dex +2) [potion of mutation]
 11139 | Lair:1   | Reached ** piety under Vehumet
 11142 | Lair:1   | Offered knowledge of Flame Tongue by Vehumet.
 11917 | Lair:2   | Found a staircase to the Snake Pit.
 12129 | Lair:2   | Found a staircase to the Shoals.
 12817 | Lair:3   | Noticed a five-headed hydra
 12823 | Lair:3   | Killed a five-headed hydra
 12826 | Lair:3   | Offered knowledge of Dazzling Spray by Vehumet.
 12893 | Lair:3   | Noticed a seven-headed hydra
 12901 | Lair:3   | Killed a seven-headed hydra
 12901 | Lair:3   | Reached skill level 5 in Fighting
 13037 | Lair:3   | Identified 2 scrolls of acquirement
 13038 | Lair:3   | Got a heavily runed helmet
 13049 | Lair:3   | Identified the +2 helmet of Monotheism {+Blink rPois} (You acquired it on level 3 of the Lair of Beasts)
 13393 | Lair:4   | Reached skill level 15 in Earth Magic
 13517 | Lair:4   | Reached *** piety under Vehumet
 13549 | Lair:4   | Reached skill level 5 in Staves
 13556 | Lair:4   | Reached XP level 13. HP: 40/73 MP: 7/26
 13665 | Lair:4   | Found a labyrinth entrance.
 13675 | Lab      | Entered a labyrinth
 13774 | Lab      | Offered knowledge of Static Discharge by Vehumet.
 15094 | Lab      | Noticed a minotaur
 15110 | Lab      | Killed a minotaur
 15112 | Lab      | Got a bound copper ring
 15136 | Lab      | Got a slimy short sword
 15244 | Lab      | Identified the ring of Miracles {rPois rC+ MR- Str+2 Int+2} (You took it off a minotaur in a labyrinth)
 15245 | Lab      | Identified the +3 short sword "Gargoyle's Death" {pierce, Int+4 Dex+3} (You found it in a labyrinth)
 15297 | Lair:4   | Upgraded the game from 0.22-a0-266-g5fdf0d7 to 0.22-a0-271-gc000056
 15689 | Lair:4   | Noticed Josephine
 15705 | Lair:4   | Killed Josephine
 16251 | Lair:5   | Reached **** piety under Vehumet
 16267 | Lair:5   | Offered knowledge of Iskenderun's Battlesphere by Vehumet.
 17020 | Lair:5   | Noticed Kirke
 17044 | Lair:5   | Slain by a five-headed hydra

Vault maps used:
D:1:      dpeg_arrival_leaves_temple_mockup, minmay_stone_trees_small,
          minmay_octomino_c4
D:3:      kennysheep_slug_shrine, small_statue_intersection,
          kennysheep_generic_room_2, uniq_grinder
D:4:      old_standard_altar, nemelex_xobeh_ov_fountains_minmay, first_ration
D:5:      temple_hall, nicolae_sextant, nrook_pool_corridor, uniq_duvessa,
          uniq_eustachio, uniq_menkaure
D:6:      grunt_temple_overflow_growth_and_decay, serial_shops, shop,
          hangedman_decor_lopped
D:7:      evilmike_ruin_ashenzari, amethyst_overflow_temple_binary, the_bakery
D:8:      cheibrodos_wizards_tower
D:9:      gammafunk_temple_overflow_statue, grunt_ministairs_2,
          lightli_wizard_tower
D:10:     erik_lair_island, hiddenorc1_lemuel, serial_shops, shop, basic_altar,
          uniq_psyche
Temple:   minmay_temple_bridge_abc
Lair:1:   wad_woods_road_02, cheibrodos_lair_lostbears
Lair:2:   shoals_dummy_entry, dummy_snake_entry
Lair:3:   pond
Lair:4:   lab_entry_generic, grunt_megastairs_5, uniq_josephine
Lair:5:   grunt_forest_large_clearings, lemuel_fruit_fields,
          serial_bayou_shore_a, grunt_megastairs_1, lemuel_fruit_tree,
          uniq_kirke
Lab:      nicolae_lab_dead_adventurers, nicolae_lab_plus, nicolae_lab_lava,
          nicolae_lab_very_dead_end, nicolae_lab_starburst, nicolae_lab_arrow

Skill      XL: |  1  2  3  4  5  6  7  8  9 10 11 12 13 |
---------------+----------------------------------------+-----
Earth Magic    | 4 6 8 10 12 13 14 15 | 15.9
Spellcasting   | 3 4 6 7 9 10 11 12 | 12.6
Conjurations   | 2 6 8 9 |  9.7
Fighting       | 1 4 5 6 |  6.5
Staves         | 1 3 5 6 |  6.0
Dodging        | |  1.5
Stealth        | |  2.1
Transmutations | |  0.7

Action                   |  1- 3 |  4- 6 |  7- 9 | 10-12 | 13-15 || total
-------------------------+-------+-------+-------+-------+-------++-------
Melee: Unarmed           |    32 |       |       |       |     1 ||    33
       Dagger            |    47 |    98 |       |       |       ||   145
       Short sword       |       |       |    74 |       |       ||    74
       Quarterstaff      |       |       |    59 |   227 |   151 ||   437
       Kick              |       |       |       |    48 |    51 ||    99
 Cast: Sandblast         |    19 |    31 |    63 |   119 |    52 ||   284
       Stone Arrow       |       |     4 |    27 |    60 |    20 ||   111
       Lee's Rapid Decon |       |       |     7 |    29 |    16 ||    52
       Mephitic Cloud    |       |       |       |       |     1 ||     1
 Abil: Evoke Blink       |       |       |       |     1 |       ||     1
  Use: Scroll            |     5 |     5 |    11 |    12 |     7 ||    40
       Potion            |     3 |     2 |     4 |     8 |     4 ||    21
 Stab: Sleeping          |     3 |     1 |    10 |     2 |     3 ||    19
       Confused          |       |       |       |       |     1 ||     1
  Eat: Chunk             |     3 |     7 |    12 |    23 |     8 ||    53
       Ration            |       |       |     1 |       |     2 ||     3
Armor: Robe              |    25 |    31 |    60 |   179 |   113 ||   408
Dodge: Dodged            |    50 |    63 |   101 |   245 |   115 ||   574
Block: Other             |       |       |     7 |    55 |    18 ||    80
       Reflection        |       |       |       |     1 |       ||     1

Table legend:
 A = Spawn XP
 B = Non-spawn XP
 C = Spawn XP percentage of total XP
 D = Spawn monster count
 E = Non-spawn monster count
 F = Spawn count percentage of total count
 G = Total turns spent on level
                    A         B        C        D         E        F      G
               +---------+---------+-------+---------+---------+-------+---------
         Total |       0 |   46980 |   0.0 |       0 |     403 |   0.0 | 17044
               +---------+---------+-------+---------+---------+-------+---------
           D:1 |       0 |      53 |   0.0 |       0 |      25 |   0.0 |  1939
           D:2 |       0 |      62 |   0.0 |       0 |      16 |   0.0 |   929
           D:3 |       0 |     439 |   0.0 |       0 |      32 |   0.0 |  1074
           D:4 |       0 |     503 |   0.0 |       0 |      28 |   0.0 |   807
           D:5 |       0 |    1201 |   0.0 |       0 |      24 |   0.0 |  1121
           D:6 |       0 |     337 |   0.0 |       0 |      12 |   0.0 |   424
           D:7 |       0 |    2029 |   0.0 |       0 |      28 |   0.0 |  1595
           D:8 |       0 |    4443 |   0.0 |       0 |      28 |   0.0 |   667
           D:9 |       0 |    3505 |   0.0 |       0 |      17 |   0.0 |   972
          D:10 |       0 |    3480 |   0.0 |       0 |      46 |   0.0 |  1180
        Lair:1 |       0 |    3633 |   0.0 |       0 |      20 |   0.0 |  1033
        Lair:2 |       0 |    1253 |   0.0 |       0 |       5 |   0.0 |   780
        Lair:3 |       0 |    6314 |   0.0 |       0 |      31 |   0.0 |   736
        Lair:4 |       0 |    8410 |   0.0 |       0 |      33 |   0.0 |  1363
        Lair:5 |       0 |    8950 |   0.0 |       0 |      52 |   0.0 |   734
           Lab |       0 |    2368 |   0.0 |       0 |       6 |   0.0 |  1589
               +---------+---------+-------+---------+---------+-------+---------
